AoeStats
← goultard

Black Forest

509154143Analyzed
4v4 RM · 7d ago on Sep 25, 2026· 85m 30s· 8 players
Game mode
Random Map
Map size
Large (8 player)
Population
200
Speed
Normal
Resources
Standard
Victory
Conquest
Starting age
Dark Age
Ending age
Imperial Age
RankedLock teamsTeams togetherTeam positionsShared explorationLock speedFull tech treeHidden civsTurbo modeCheats
Victory
Defeat
🇦🇺 Spanish · Australia
946
+11
🇦🇷 Inca · Argentina
938
+12
🇺🇸 Britons · United States
795
+44
🇺🇸 Vietnamese · United States
787
+18
🇫🇷 Sicilians · France
852
-15
🇩🇪 Byzantines · Germany
834
-15
🇩🇪 Burgundians · Germany
828
-14
🇦🇹 Romans · Austria
817
-14
goultard
11:57 Feudal Age
12:29 Horse Collar
12:37 Double-Bit Axe
13:30 Wheelbarrow
21:32 Castle Age
20:18 Gold Mining
20:21 Town Watch
20:22 Loom
22:04 Forging
22:58 Gold Shaft Mining
22:24 Heavy Plow
22:36 Bow Saw
23:12 Stone Mining
23:50 Scale Mail Armor
24:42 Hand Cart
31:22 Husbandry
32:27 Gambesons
32:45 Squires
32:06 Man-at-Arms
32:49 Husbandry
39:16 Imperial Age
38:01 Chain Mail Armor
38:27 Long Swordsman
43:56 Iron Casting
43:26 Fletching
46:10 Imperial Age
46:17 Imperial Age
44:48 Town Patrol
45:27 Pikeman
47:45 Crop Rotation
47:56 Conscription
47:45 Bodkin Arrow
51:44 Chemistry
53:15 Halberdier
62:21 Plate Mail Armor
61:57 Scale Barding Armor
62:53 Blast Furnace
Jeronimoo
3:33 Loom
13:07 Feudal Age
14:00 Horse Collar
14:13 Double-Bit Axe
14:22 Gold Mining
15:24 Wheelbarrow
25:25 Castle Age
26:33 Hand Cart
26:21 Heavy Plow
27:00 Gold Shaft Mining
26:43 Bow Saw
26:42 Husbandry
31:45 Imperial Age
30:24 Scale Barding Armor
30:30 Forging
33:36 Chain Barding Armor
34:08 Crop Rotation
33:31 Stone Mining
34:47 Two-Man Saw
35:59 Plate Barding Armor
36:00 Iron Casting
35:17 Cavalier
39:30 Paladin
42:11 Light Cavalry
45:43 Stone Shaft Mining
46:48 Hussar
61:29 Fletching
62:48 Bodkin Arrow
67:25 Hoardings
68:01 Ballistics
67:30 Arrowslits
Archimedes420
0:54 Loom
11:33 Feudal Age
11:59 Double-Bit Axe
11:57 Horse Collar
19:46 Castle Age
17:49 Stone Mining
20:13 Fletching
20:39 Heavy Plow
20:55 Bow Saw
21:16 Gold Mining
23:07 Ballistics
23:48 Wheelbarrow
23:00 Town Watch
27:49 Fortified Wall
28:20 Hand Cart
28:21 Forging
28:12 Scale Mail Armor
28:42 Masonry
32:48 Imperial Age
31:07 Squires
30:28 Pikeman
30:28 Man-at-Arms
31:06 Bodkin Arrow
31:27 Chain Mail Armor
32:21 Chain Mail Armor
32:43 Iron Casting
32:09 Padded Archer Armor
33:01 Town Patrol
33:10 Husbandry
33:20 Bloodlines
34:04 Gold Shaft Mining
33:00 Long Swordsman
35:13 Chemistry
34:22 Scale Barding Armor
35:31 Crop Rotation
34:47 Elite Skirmisher
36:31 Conscription
37:26 Blast Furnace
36:42 Leather Archer Armor
37:30 Elite Centurion
40:45 Comitatenses
40:50 Chain Barding Armor
41:31 Halberdier
43:30 Plate Barding Armor
72:23 Legionary
74:51 Ring Archer Armor
Haudinida
0:27 Loom
12:27 Feudal Age
10:54 Double-Bit Axe
11:58 Horse Collar
13:22 Bow Saw
14:48 Wheelbarrow
17:32 Gold Mining
17:40 Town Watch
22:01 Castle Age
20:28 Heavy Plow
20:26 Stone Mining
21:18 Caravan
22:24 Gold Shaft Mining
24:21 Hand Cart
24:52 Fletching
31:02 Imperial Age
30:02 Crop Rotation
29:36 Treadmill Crane
30:34 Stone Shaft Mining
30:39 Bodkin Arrow
30:55 Forging
30:45 Scale Mail Armor
32:54 Careening
33:48 Chemistry
33:01 Masonry
33:12 Ballistics
32:50 Murder Holes
34:05 Iron Casting
33:30 Scale Mail Armor
33:31 Padded Archer Armor
36:38 Burgundian Vineyards
36:54 Conscription
38:27 Hoardings
38:11 Leather Archer Armor
38:11 Chain Mail Armor
38:57 Blast Furnace
37:58 Bracer
37:22 Elite Skirmisher
42:10 Pikeman
42:50 Squires
45:55 Plate Mail Armor
45:00 Elite Coustillier
50:12 Scale Barding Armor
53:45 Chain Barding Armor
54:48 Husbandry
55:30 Plate Barding Armor
61:10 Architecture
72:31 Light Cavalry
73:37 Hussar
daebak
9:53 Feudal Age
17:19 Castle Age
18:36 Double-Bit Axe
18:33 Horse Collar
18:44 Gold Mining
18:44 Stone Mining
21:16 Stone Shaft Mining
29:19 Heavy Plow
29:30 Bow Saw
34:32 Imperial Age
31:52 Treadmill Crane
32:33 Ballistics
32:48 Forging
32:38 Scale Mail Armor
32:43 Scale Barding Armor
32:28 Fletching
32:39 Padded Archer Armor
32:55 Caravan
34:23 Chatras
36:24 Chemistry
35:22 Bodkin Arrow
36:03 Iron Casting
35:43 Chain Mail Armor
35:48 Chain Barding Armor
34:55 Elite Rattan Archer
36:44 Paper Money
37:30 Elite Fire Lancer
41:03 Plate Mail Armor
41:08 Plate Barding Armor
40:36 Bracer
40:51 Leather Archer Armor
48:37 Wheelbarrow
48:36 Ring Archer Armor
50:38 Arson
50:14 Pikeman
50:54 Squires
51:59 Elite Battle Elephant
66:43 Halberdier
82:02 Spies/Treason
84:42 Light Cavalry
84:43 Cavalier
85:23 Husbandry
85:34 Bloodlines
ADORNI
5:32 Loom
11:18 Feudal Age
16:05 Horse Collar
16:17 Double-Bit Axe
16:25 Gold Mining
18:42 Stone Mining
19:45 Scale Mail Armor
19:56 Forging
21:54 Castle Age
21:05 Arson
20:50 Champi Runner
23:29 Champi Warrior
24:12 Squires
26:56 Wheelbarrow
29:47 Pikeman
34:48 Heavy Plow
34:59 Bow Saw
46:28 Imperial Age
45:41 Chain Mail Armor
46:09 Gold Shaft Mining
46:57 Iron Casting
47:46 Plate Mail Armor
50:00 Blast Furnace
49:53 Hand Cart
51:57 Elite Kamayuk
55:08 Conscription
56:51 Fletching
57:56 Bodkin Arrow
61:35 Fabric Shields
62:47 Ballistics
64:46 Caravan
66:29 Chemistry
68:21 Capped Ram
68:26 Heavy Scorpion
81:27 Spies/Treason
Rido
0:26 Loom
11:40 Feudal Age
12:40 Horse Collar
17:43 Castle Age
16:33 Double-Bit Axe
19:01 Bow Saw
21:33 Fervor
23:31 Wheelbarrow
23:09 Scale Barding Armor
23:15 Forging
27:13 Chain Barding Armor
27:51 Iron Casting
27:26 Heavy Plow
28:38 Bloodlines
28:29 Husbandry
28:46 Gold Mining
28:47 Stone Mining
28:47 Gold Mining
31:11 Stone Shaft Mining
33:43 Imperial Age
31:46 Fortified Wall
31:59 Ballistics
32:02 Caravan
33:47 Hand Cart
33:54 Masonry
34:06 Cavalier
35:48 Plate Barding Armor
36:14 Blast Furnace
36:18 Chemistry
37:40 Architecture
37:32 Bombard Tower
37:10 Murder Holes
37:19 Town Watch
38:09 Paladin
46:52 Two-Man Saw
48:49 Guilds
58:46 Light Cavalry
59:50 Hussar
82:43 Padded Archer Armor
82:36 Fletching
83:34 Town Patrol
82:58 Spies/Treason
85:21 Bodkin Arrow
Scott
13:44 Feudal Age
17:58 Horse Collar
18:08 Double-Bit Axe
20:18 Wheelbarrow
26:10 Castle Age
30:34 Hand Cart
30:33 Bow Saw
30:28 Heavy Plow
33:55 Stone Mining
33:56 Gold Mining
40:38 Gold Shaft Mining
43:15 Imperial Age
47:31 Elite Longbowman
58:59 Cavalier
76:03 Pikeman
76:38 Arson
76:19 Elite Skirmisher
82:52 Two-Man Saw
Connection lost

Rejoining the realm…

Still unreachable

The connection could not be restored.

Session expired

The server has moved on; the page needs a fresh start.